AoeStats
← Dieu Tan

Arabia

510279371Analyzed
1v1 RM · 1d ago on Sep 30, 2026· 26m 48s· 2 players
Game mode
Random Map
Map size
Tiny (2 player)
Population
200
Speed
Normal
Resources
Standard
Victory
Conquest
Starting age
Dark Age
Ending age
Imperial Age
RankedLock teamsTeams togetherTeam positionsShared explorationLock speedFull tech treeHidden civsTurbo modeCheats
Victory
Defeat
🇩🇪 Romans · Germany
1664
+14
🇺🇸 Vikings · United States
1620
-14
Dieu Tan
6:39 Loom
8:57 Feudal Age
9:38 Double-Bit Axe
10:12 Horse Collar
21:31 Castle Age
20:08 Scale Mail Armor
20:20 Forging
20:20 Gold Mining
21:30 Fletching
22:28 Chain Mail Armor
22:22 Squires
HumPs_AoE
6:05 Loom
8:35 Feudal Age
9:18 Double-Bit Axe
9:46 Man-at-Arms
11:53 Scale Mail Armor
19:13 Castle Age
17:18 Horse Collar
20:14 Bow Saw
21:08 Chain Mail Armor
20:30 Long Swordsman
22:12 Squires
23:19 Forging
25:11 Iron Casting
Connection lost

Rejoining the realm…

Still unreachable

The connection could not be restored.

Session expired

The server has moved on; the page needs a fresh start.